 Dungeon Crawl Stone Soup version 0.24.0-1-gfbc8707122 (webtiles) character file.

Game seed: 10263770482994280676, levelgen mode: deterministic

851 DarthUnicorn the Cudgeler (level 8, -2/79 HPs)
             Began as an Ogre Skald on Oct 28, 2019.
             Was a Believer of the Shining One.
             Hit by a boomerang thrown by an orc warrior (5 damage)
             ... on level 6 of the Dungeon.
             The game lasted 00:26:41 (3722 turns).

DarthUnicorn the Cudgeler (Ogre Skald)              Turns: 3722, Time: 00:26:42

Health: -2/79      AC:  6    Str: 18    XL:     8   Next: 1%
Magic:  1/14       EV: 11    Int: 16    God:    the Shining One [**....]
Gold:   59         SH:  6    Dex: 10    Spells: 7/15 levels left

rFire    . . .     SeeInvis .   p - +0 flail
rCold    . . .     Gourm    .   (no shield)
rNeg     + . .     Faith    .   k - +0 robe (curse)
rPois    .         Spirit   .   (helmet restricted)
rElec    .         Reflect  .   e - +0 cloak
rCorr    .         Harm     .   (gloves unavailable)
MR       .....     Clarity  +   (boots unavailable)
Stlth    +.........             (no amulet)
HPRegen  0.23/turn              o - +2 ring of protection
MPRegen  0.14/turn              (no ring)

@: divine shield, very slightly contaminated, glowing
A: large, unfitting armour, agile 1, clarity, clever 1, tough skin 1, wild magic
1
a: Divine Shield, Renounce Religion


You were on level 6 of the Dungeon.
You worshipped the Shining One.
The Shining One was pleased with you.
You were hungry.

You visited 1 branch of the dungeon, and saw 6 of its levels.

You collected 269 gold pieces.
You spent 210 gold pieces at shops.

Inventory:

Hand Weapons
 b - a +0 morningstar
 p - a +0 flail (weapon)
Missiles
 a - 8 boomerangs (quivered)
Armour
 e - a +0 cloak (worn)
 k - a cursed +0 robe (worn)
Jewellery
 m - an uncursed ring of fire
 o - a +2 ring of protection (left hand)
Scrolls
 c - a scroll of holy word
 f - 6 scrolls of identify
 g - 5 scrolls of teleportation
 i - 2 scrolls of amnesia
 j - 5 scrolls of remove curse
 n - a scroll of fear
 q - a scroll of immolation
 s - a scroll of fog
 t - a scroll of enchant weapon
 v - a scroll of blinking {unknown}
Potions
 h - a potion of mutation
 l - a potion of heal wounds
 r - a potion of agility
Comestibles
 d - 8 rations


   Skills:
 + Level 4.6 Fighting
 + Level 5.0 Maces & Flails
 + Level 3.6 Dodging
 + Level 4.3 Spellcasting
 + Level 0.9 Hexes
 + Level 4.0 Charms
 + Level 1.5 Translocations


You had 7 spell levels left.
You knew the following spells:

 Your Spells              Type           Power        Failure   Level  Hunger
a - Infusion              Chrm           ###.         5%          1    None
b - Song of Slaying       Chrm           ###.....     8%          2    ##.....
c - Shroud of Golubria    Chrm/Tloc      ###...       12%         2    ##.....
d - Spectral Weapon       Hex/Chrm       ##......     24%         3    ###....

Your spell library contained the following spells:

 Spells                   Type           Power        Failure   Level  Hunger
 Regeneration             Chrm/Necr      ##........   30%         3    ###....


Dungeon Overview and Level Annotations

Branches:
Dungeon (6/15)             Temple (0/1) D:5

Altars:
Elyvilon
Ru
Vehumet
Zin
The Shining One

Shops:
D:5 ?

Annotations:
D:3 3 runed translucent doors, diiiiiane's ghost, amateur DEFE


Innate Abilities, Weirdness & Mutations

You are too large for most types of armour.
You have tough skin. (AC +1)
You are agile. (Dex +2)
You possess an exceptional clarity of mind.
Your mind is acute. (Int +2)
Your spells are a little harder to cast, but a little more powerful.


Message History

The weapon returns to the orc warrior!
Your song has ended.
You feel sick.
You are no longer poisoned.
The orc warrior throws a boomerang.
The boomerang hits you!!
* * * LOW HITPOINT WARNING * * *
The weapon returns to the orc warrior!
Casting: Shroud of Golubria (safe; 12% risk of failure)
Confirm with . or Enter, or press ? or * to list all spells.
You draw out your weapon's spirit!
The orc warrior throws a boomerang.
The boomerang closely misses you.
The weapon returns to the orc warrior!
The orc warrior throws a boomerang.
The boomerang misses your spectral weapon.
The boomerang hits you!
* * * LOW HITPOINT WARNING * * *
The weapon returns to the orc warrior!
The orc warrior throws a boomerang.
The boomerang closely misses your spectral weapon.
The boomerang hits you.
You die...

## ##...#.## #####
.###.......######
#...#
..#..####.......#
##.## . ...###
#.#####.## ###.# ..
...# #.# ##.#
###o..## #o. ...# #..
#.####..o#(.# #...
...# #..
####......####.##....
...# #..##.......###
##oo.>.. ..##
#.......@(.## #......
..# #....####..#
#..####. ..# .## ##.#
#..# .... #..# #..#
....# #.... ...#
...## #..... .....
...# .....#####..
...# ##...# ##..


You could see an orc warrior, an orc and a friendly spectral +0 flail.

Vanquished Creatures
  A centaur (D:5)
  3 killer bees (D:4)
  A crimson imp (D:5)
  A bullfrog zombie (D:5)
  2 hounds (D:5)
  2 orc priests (D:4)
  3 orc wizards
  5 worker ants
  A hound skeleton (D:5)
  Robin (D:2)
  9 adders
  2 oozes
  An adder skeleton (D:4)
  3 worms
  6 dart slugs
  2 leopard geckos (D:3)
  19 orcs
  2 ball pythons (D:2)
  8 bats
  3 giant cockroaches
  15 goblins
  4 hobgoblins
  7 jackals
  7 frilled lizards
  A jackal skeleton (D:5)
  8 kobolds
  6 rats
123 creatures vanquished.

Notes
Turn   | Place    | Note
-------+----------+-------------------------------------------
     0 | D:1      | DarthUnicorn the Ogre Skald began the quest for the Orb.
     0 | D:1      | Reached XP level 1. HP: 22/22 MP: 3/3
   159 | D:1      | Reached XP level 2. HP: 13/29 MP: 0/5
   163 | D:1      | Learned a level 2 spell: Song of Slaying
   166 | D:1      | Learned a level 2 spell: Shroud of Golubria
   271 | D:1      | Reached skill level 2 in Maces & Flails
   576 | D:2      | Found a glowing golden altar of the Shining One.
   585 | D:2      | Became a worshipper of the Shining One
   703 | D:2      | Found a glowing silver altar of Zin.
   728 | D:2      | Reached XP level 3. HP: 34/36 MP: 6/6
   729 | D:2      | Found a white marble altar of Elyvilon.
   788 | D:2      | Found a radiant altar of Vehumet.
   851 | D:2      | Found a sacrificial altar of Ru.
   997 | D:2      | Noticed Robin
  1094 | D:2      | Killed Robin
  1094 | D:2      | Reached XP level 4. HP: 31/45 MP: 3/8
  1108 | D:2      | Learned a level 3 spell: Spectral Weapon
  1351 | D:2      | Gained mutation: Your spells are a little harder to cast,
                  | but a little more powerful. [potion of mutation]
  1351 | D:2      | Gained mutation: You possess an exceptional clarity of
                  | mind. [potion of mutation]
  1351 | D:2      | Gained mutation: Your mind is acute. (Int +2) [potion of
                  | mutation]
  1351 | D:2      | Gained mutation: You are agile. (Dex +2) [potion of
                  | mutation]
  1434 | D:3      | Reached XP level 5. HP: 24/53 MP: 9/9
  1469 | D:3      | Reached skill level 3 in Maces & Flails
  1530 | D:3      | Reached * piety under the Shining One
  1926 | D:3      | Found a runed translucent gate.
  1926 | D:3      | Found a runed translucent gate.
  1926 | D:3      | Found a runed translucent gate.
  1926 | D:3      | Noticed diiiiiane's ghost (amateur DEFE)
  2000 | D:4      | Reached skill level 1 in Translocations
  2009 | D:4      | Reached XP level 6. HP: 45/62 MP: 5/10
  2493 | D:4      | Reached skill level 4 in Maces & Flails
  2496 | D:4      | Reached XP level 7. HP: 35/70 MP: 7/12
  2727 | D:5      | Entered Level 5 of the Dungeon
  2756 | D:5      | Found a staircase to the Ecumenical Temple.
  3008 | D:5      | Found Lumafoih's Magic Scroll Emporium.
  3022 | D:5      | Bought a scroll of holy word for 75 gold pieces
  3022 | D:5      | Bought a scroll of fog for 20 gold pieces
  3022 | D:5      | Bought a scroll of enchant weapon for 75 gold pieces
  3022 | D:5      | Bought a scroll of identify for 20 gold pieces
  3022 | D:5      | Bought a scroll of identify for 20 gold pieces
  3065 | D:5      | Reached ** piety under the Shining One
  3340 | D:5      | Reached skill level 5 in Maces & Flails
  3343 | D:5      | Reached XP level 8. HP: 79/79 MP: 11/14
  3721 | D:6      | HP: 3/79 [orc warrior/boomerang (8)]
  3722 | D:6      | Hit by a boomerang thrown by an orc warrior

Levels and vault maps discovered:
D:1:      dpeg_arrival_pits, layout_loops_ring
D:2:      layout_basic, vehumet_crystals, elyvilon_altar_3, zin_statuary,
          nicolae_ru_the_path_less_chosen, old_standard_altar,
          chequers_decorated_corner, st_stairs_12, minmay_octomino_j4,
          uniq_robin
D:3:      layout_rooms, gammafunk_ghost_necromancy, first_ration
D:4:      layout_loops_corners
D:5:      layout_gridville, minmay_temple_entry_mist, serial_shops, shop
D:6:      layout_layer_cave, overflow_temple_1_default,
          nemelex_xobeh_ov_fountains_minmay, uniq_grinder, uniq_blork_the_orc

Skill      XL: |  1  2  3  4  5  6  7 |
---------------+----------------------+-----
Maces & Flails | 2 3 4 5 |  5.0
Charms         | 3 4 |  4.0
Fighting       | 3 4 |  4.6
Spellcasting   | 3 4 |  4.3
Dodging        | 3 |  3.6
Translocations | 1 |  1.5
Hexes          | |  0.9

Action                   |  1- 3 |  4- 6 |  7- 9 || total
-------------------------+-------+-------+-------++-------
Melee: Mace              |   104 |   164 |    69 ||   337
       Flail             |       |       |    34 ||    34
 Cast: Infusion          |     5 |     1 |       ||     6
       Shroud of Golubri |     3 |    22 |    15 ||    40
       Song of Slaying   |     2 |     3 |     1 ||     6
       Spectral Weapon   |       |     2 |    10 ||    12
Invok: Divine Shield     |       |       |     1 ||     1
  Use: Scroll            |       |     8 |     2 ||    10
       Potion            |       |     2 |     1 ||     3
 Stab: Sleeping          |     1 |       |       ||     1
  Eat: Chunk             |     1 |     7 |     5 ||    13
Armor: Robe              |    42 |    50 |    34 ||   126
       Skin              |       |    15 |    18 ||    33
Dodge: Dodged            |    61 |    78 |    46 ||   185
Block: Other             |       |       |     3 ||     3
